Description

allin

VOD

https://youtu.be/vtxMnb4snb4

Build Order

Why is there no SALT encoding or Overwolf build?

  14  0:17  Pylon  
  16  0:40  Gateway  
  17  0:47  Assimilator  
  18  0:53  Assimilator  проверка базы на зафатонивание
  19  1:08  Gateway  
  21  1:25  Cybernetics Core  
  23  2:03  Warp Gate, Stalker x2  
    2:15  Pylon  
    2:25  Twilight Council  
    2:34  Stalker x2  
    2:40  Gateway  
    3:05  Stalker x2  
    3:09  Pylon  прокси
  35  3:12  Blink (Chrono Boost)  
    3:34  Gateway  
    3:45  Pylon  
    4:00  Stalker x3  
  41  4:22  Stalker x3  
Spawning Tool Build Advisor. Get it on Overwolf

Go to:

Details

  • Created by: MyName1sGreeDDD
  • Published on: Jun 04, 2023
  • Modified on: Jun 10, 2023
  • Patch: 5.0.11
  • Difficulty: Easy
Show

Export as new Build Order

Comments (0)

There are no comments. Be the first!

Create an account to comment!